 Dungeon Crawl Stone Soup version 0.22-a0-322-g60b3cfd402 (webtiles) character file.

14842 FollowTheCloud the Grappler (level 11, 0/113 HPs)
             Began as a Troll Monk on Apr 4, 2018.
             Was an Elder of Wu Jian.
             Slain by a spiny frog (11 damage)
             ... on level 2 of the Lair of Beasts.
             The game lasted 00:26:33 (8837 turns).

FollowTheCloud the Grappler (Troll Monk)            Turns: 8837, Time: 00:26:42

Health: 0/113      AC:  8    Str: 23    XL:     11   Next: 94%
Magic:  10/10      EV: 17    Int:  6    God:    Wu Jian [****..]
Gold:   647        SH:  0    Dex: 13    Spells: 10/10 levels left

rFire    . . .     SeeInvis .     - Unarmed
rCold    . . .     Gourm    +   (no shield)
rNeg     . . .     Faith    .   I - +0 troll leather armour
rPois    .         Spirit   .   (helmet restricted)
rElec    .         Reflect  .   k - +0 cloak
rCorr    .         Harm     .   (gloves unavailable)
MR       .....                  (boots unavailable)
Stlth    +.........             (no amulet)
HPRegen  1.08/turn              D - +3 ring of evasion
MPRegen  0.12/turn              (no ring)

@: lethally poisoned (0 -> -18), exhausted, marked, flying
A: large, unfitting armour, claws 3, fast metabolism 3, gourmand, regeneration
1, shaggy fur 1, tough skin 2
a: Wall Jump, Serpent's Lash, Renounce Religion


You were on level 2 of the Lair of Beasts.
You worshipped Wu Jian.
Wu Jian was greatly pleased with you.
You were completely stuffed.

You visited 2 branches of the dungeon, and saw 14 of its levels.

You collected 731 gold pieces.
You spent 84 gold pieces at shops.

Inventory:

Hand Weapons
 H - a +1 morningstar of crushing
Armour
 k - a +0 cloak (worn)
 I - a +0 troll leather armour (worn)
Jewellery
 z - the ring "Biruxel" {rPois rC+ Str-5 SInv}
   (You found it on level 6 of the Dungeon)

   [ring of see invisible]

   It affects your strength (-5).
   It protects you from cold.
   It protects you from poison.
   It lets you see invisible.
 D - a +3 ring of evasion (left claw)
Wands
 l - a wand of enslavement (17)
 r - a wand of flame (81)
 s - a wand of digging (8)
 u - a wand of polymorph (31)
 F - a wand of random effects (15)
Scrolls
 a - a scroll of brand weapon {unknown}
 c - 2 scrolls of fear {unknown}
 e - 3 scrolls of fog {unknown}
 f - 12 scrolls of remove curse
 g - 3 scrolls of magic mapping
 i - 9 scrolls of teleportation
 q - 2 scrolls of blinking {unknown}
 t - 10 scrolls of identify {unknown}
 w - 2 scrolls of noise {unknown}
 x - 2 scrolls of enchant weapon {unknown}
 y - 3 scrolls of amnesia {unknown}
 E - a scroll of enchant armour {unknown}
 G - a scroll of immolation {unknown}
Potions
 d - 4 potions of berserk rage {unknown}
 h - a potion of might {unknown}
 j - 4 potions of haste
 m - 2 potions of mutation {unknown}
 n - a potion of magic {unknown}
 o - 3 potions of flight
 p - 2 potions of degeneration {unknown}
 v - a potion of ambrosia {unknown}
 A - 2 potions of cancellation {unknown}
 B - a potion of resistance {unknown}
 C - 2 potions of agility {unknown}
Comestibles
 b - 23 rations
 J - 5 chunks of flesh


   Skills:
 + Level 8.6 Fighting
 + Level 8.7 Dodging
 - Level 1.0 Stealth
 + Level 13.6 Unarmed Combat


You had 10 spell levels left.
You didn't know any spells.

Dungeon Overview and Level Annotations

Branches:
Dungeon (12/15)            Temple (0/1) D:7            Lair (2/6) D:11
  Snake (0/4) Lair:2          Orc (0/2) D:10
  Swamp: Lair:2-4    Shoals: Lair:2-4

Altars:
Hepliaklqana
Kikubaaqudgha
Wu Jian
Yredelemnul

Shops:
D:9 ?   D:11 *:

Portals:
Labyrinth: Lair:2

Annotations:
D:4 Menkaure


Innate Abilities, Weirdness & Mutations

You are too large for most types of armour.
You have claws for hands.
Your metabolism is lightning-fast.
You like to eat raw meat.
Your natural rate of healing is unusually fast.
You are covered in fur. (AC +1)
You have very tough skin. (AC +2)


Message History

You are more poisoned.
The spiny frog poisons you! The crocodile closely misses you.
Unknown command.
You repeatedly attack the crocodile from above.
You claw the crocodile!
You kill the crocodile!
The Council accepts your kill.
You feel very sick. The spiny frog stings you!
* * * LOW HITPOINT WARNING * * *
You are lethally poisoned!
The spiny frog poisons you!
Unknown command.
It was a potion of flight.
You feel very buoyant.
You fly up into the air.
* * * LOW HITPOINT WARNING * * *
You feel very sick. The spiny frog closely misses you.
The spiny frog stings you!
You die...

#/.........#
##.>.....$..#.#
#...........F#
#..........#
####..######
#####.###†.....##
#.........P.....#
#.FP#.#.P...P.#.#
##.P@..#.........#
##.†F§P..#..P.....#
#...P.....#...#F..#
##P..P###.####...###
##.>...#...#......#
#..#..........P.##
##.....(.#.#..##.#
#.#.#'#.###.#....###
#####...#####.<÷...##


You could see 2 spiny frogs.

Vanquished Creatures
  A catoblepas (Lair:2)
  4 two-headed ogres
  An ugly thing (D:10)
  A mana viper (D:8)
  2 oklob plants (Lair:1)
  2 black mambas (Lair:2)
  2 spiny frogs
  4 komodo dragons
  2 trolls (D:9)
  2 hippogriffs
  A shadow (D:11)
  3 yaks (Lair:1)
  A wraith (D:10)
  2 basilisks (Lair:2)
  2 wyverns
  4 water moccasins
  5 porcupines
  4 ice beasts
  5 orc warriors
  2 sky beasts
  A hornet zombie (D:6)
  2 phantoms
  2 ogres
  A black bear (D:10)
  4 wolves (Lair:2)
  4 centaurs
  5 crocodiles
  A big kobold (D:11)
  5 bullfrogs
  A scorpion (D:7)
  3 killer bees (D:8)
  5 howler monkeys
  3 bullfrog zombies
  A centaur zombie (D:6)
  5 crimson imps
  A jelly (D:8)
  3 hounds
  2 orc priests
  9 orc wizards
  A bullfrog skeleton (D:7)
  A centaur skeleton (D:6)
  Ijyb (D:3)
  Natasha (D:4)
  5 hell rats (Lair:2)
  An iguana (D:4)
  8 worker ants
  2 hound zombies
  4 worker ant zombies
  A howler monkey skeleton (D:5)
  4 gnolls
  10 adders
  3 shadow imps
  3 adder skeletons
  5 worms
  4 dart slugs
  4 leopard geckos
  27 orcs
  7 bats
  9 giant cockroaches
  9 goblins
  7 hobgoblins
  7 jackals
  10 kobolds
  7 quokkas
  A ball python (D:1)
  A ball python skeleton (D:4)
  7 frilled lizards
  A quokka skeleton (D:5)
  7 rats
  A fungus (Lair:2)
  A plant (Lair:1)
268 creatures vanquished.

Vanquished Creatures (others)
  A hell rat (Lair:2)
  4 plants (D:11)
5 creatures vanquished.

Grand Total: 273 creatures vanquished

Notes
Turn   | Place    | Note
-------+----------+-------------------------------------------
     0 | D:1      | FollowTheCloud the Troll Monk began the quest for the Orb.
     0 | D:1      | Reached XP level 1. HP: 22/22 MP: 0/0
    57 | D:1      | Reached XP level 2. HP: 16/29 MP: 1/1
   230 | D:1      | Reached skill level 4 in Unarmed Combat
   385 | D:1      | Reached XP level 3. HP: 36/36 MP: 2/2
   857 | D:2      | Reached XP level 4. HP: 16/44 MP: 3/3
   947 | D:2      | Reached skill level 5 in Unarmed Combat
  1368 | D:3      | Reached XP level 5. HP: 50/50 MP: 4/4
  1552 | D:3      | Noticed Ijyb
  1566 | D:3      | Killed Ijyb
  1566 | D:3      | Reached skill level 6 in Unarmed Combat
  1762 | D:3      | Found an ancient bone altar of Kikubaaqudgha.
  2170 | D:4      | Reached XP level 6. HP: 59/59 MP: 5/5
  2171 | D:4      | Noticed Menkaure
  2301 | D:4      | Noticed Natasha
  2302 | D:4      | Killed Natasha
  2302 | D:4      | Reached skill level 7 in Unarmed Combat
  2577 | D:5      | Entered Level 5 of the Dungeon
  2577 | D:5      | Found a hazy altar of Hepliaklqana.
  2578 | D:5      | Found an ornate altar of the Wu Jian Council.
  2587 | D:5      | Became a worshipper of the Wu Jian Council
  2587 | D:5      | Reached * piety under Wu Jian
  2587 | D:5      | Reached ** piety under Wu Jian
  2748 | D:5      | Reached skill level 8 in Unarmed Combat
  2748 | D:5      | Reached XP level 7. HP: 63/66 MP: 6/6
  2827 | D:5      | Found a basalt altar of Yredelemnul.
  3157 | D:6      | Got a heavily runed amber ring
  3164 | D:6      | Reached skill level 9 in Unarmed Combat
  3336 | D:6      | Reached XP level 8. HP: 73/74 MP: 7/7
  3507 | D:6      | Reached skill level 10 in Unarmed Combat
  4212 | D:7      | Found a staircase to the Ecumenical Temple.
  4240 | D:7      | Reached *** piety under Wu Jian
  4758 | D:7      | Reached XP level 9. HP: 54/84 MP: 8/8
  5045 | D:8      | Reached skill level 11 in Unarmed Combat
  5256 | D:8      | Noticed Erica
  5257 | D:8      | Identified the ring "Biruxel" {rPois rC+ Str-5 SInv} (You found it on level 6 of the Dungeon)
  5266 | D:8      | Noticed Erica
  5266 | D:8      | Erica changed into Erica the mana viper
  5278 | D:8      | Killed Erica the mana viper
  5420 | D:8      | Noticed a two-headed ogre
  5527 | D:9      | You fall through a shaft for 3 floors!
  5527 | D:12     | Noticed a two-headed ogre
  5530 | D:12     | Noticed a death knight
  5534 | D:12     | Killed a two-headed ogre
  5534 | D:12     | Reached skill level 5 in Fighting
  5534 | D:12     | Reached skill level 5 in Dodging
  5553 | D:11     | Found Neygofoj's Book Boutique.
  5620 | D:11     | Reached XP level 10. HP: 65/98 MP: 9/9
  5674 | D:11     | Found Xyerah's General Store.
  5676 | D:11     | Noticed a green ugly thing
  5682 | D:10     | Entered Level 10 of the Dungeon
  5688 | D:10     | Killed a green ugly thing
  5755 | D:10     | Noticed a two-headed ogre
  5765 | D:10     | Killed a two-headed ogre
  5765 | D:10     | Reached skill level 12 in Unarmed Combat
  5924 | D:10     | Noticed a two-headed ogre
  5936 | D:10     | Killed a two-headed ogre
  5976 | D:10     | Found a staircase to the Orcish Mines.
  6083 | D:10     | Reached **** piety under Wu Jian
  6259 | D:10     | Noticed a two-headed ogre
  6871 | D:9      | Found Vettit's Magic Scroll Emporium.
  6879 | D:9      | Bought a scroll of teleportation for 39 gold pieces
  6879 | D:9      | Bought a scroll of magic mapping for 45 gold pieces
  7219 | D:10     | Reached XP level 11. HP: 109/109 MP: 10/10
  7233 | D:10     | Killed a two-headed ogre
  7632 | D:11     | Found a staircase to the Lair.
  7652 | Lair:1   | Entered Level 1 of the Lair of Beasts
  7723 | Lair:1   | Reached skill level 13 in Unarmed Combat
  8292 | Lair:1   | Noticed an oklob plant
  8293 | Lair:1   | Noticed an oklob plant
  8374 | Lair:1   | Killed an oklob plant
  8380 | Lair:1   | Killed an oklob plant
  8450 | Lair:2   | Found a staircase to the Snake Pit.
  8553 | Lair:2   | Found a labyrinth entrance.
  8616 | Lair:2   | Noticed a catoblepas
  8647 | Lair:2   | Killed a catoblepas
  8837 | Lair:2   | Slain by a spiny frog

Vault maps used:
D:1:      eino_arrival_water_cross
D:3:      marbit_many_paths, minmay_misc_feat_plants, uniq_ijyb
D:4:      grunt_decor_one_mirror, cheibriados_altar_1, uniq_crazy_yiuf_cottage,
          uniq_natasha, uniq_menkaure
D:5:      grunt_temple_overflow_open, lemuel_crystal_altar, first_ration
D:7:      minmay_temple_entry_glassed_door
D:8:      serial_corexii_hall, corexii_hall_statues_s, corexii_hall_statues_u,
          hangedman_little_slice_of_home, uniq_erica
D:9:      serial_shops, nicolae_shop_statue_plus
D:10:     orc_0_dummy, grunt_decor_mini_mirrors
D:11:     evilmike_library_of_no_secrets, david_lair_shrubbed, serial_curves,
          eino_curves_02, eino_curves_02, eino_curves_02, serial_shops,
          shop_fountains, kennysheep_mini_moat, nicolae_shop_scaring_up_business
D:12:     enter_bailey_2
Lair:1:   grunt_megastairs_2, minmay_lair_oklob_chamber
Lair:2:   dummy_snake_entry, lab_entry_generic, st_stairs_8, grunt_megastairs_4

Skill      XL: |  1  2  3  4  5  6  7  8  9 10 11 |
---------------+----------------------------------+-----
Unarmed Combat | 4 5 6 8 9 10 11 12 13 | 13.6
Dodging        | 3 5 7 8 |  8.7
Fighting       | 3 5 7 8 |  8.6
Stealth        | |  1.0

Action                   |  1- 3 |  4- 6 |  7- 9 | 10-12 || total
-------------------------+-------+-------+-------+-------++-------
Melee: Unarmed           |   110 |   161 |   278 |   358 ||   907
       Punch             |     2 |     1 |     7 |    22 ||    32
Invok: Whirlwind         |       |    11 |   131 |   101 ||   243
       Wall Jump         |       |     3 |    34 |    55 ||    92
       Lunge             |       |     2 |    25 |    25 ||    52
       Serpent's Lash    |       |       |     2 |     4 ||     6
Evoke: Wand              |       |       |     4 |       ||     4
  Use: Potion            |       |       |     1 |     1 ||     2
       Scroll            |       |       |       |     1 ||     1
 Stab: Sleeping          |     4 |     3 |     4 |       ||    11
       Distracted        |       |     1 |     2 |       ||     3
       Petrified         |       |       |       |     1 ||     1
  Eat: Chunk             |    13 |    18 |    26 |    31 ||    88
Armor: Robe              |    65 |    60 |    65 |    19 ||   209
       Troll leather arm |       |       |       |    16 ||    16
Dodge: Dodged            |    73 |    68 |    90 |   196 ||   427

Table legend:
 A = Spawn XP
 B = Non-spawn XP
 C = Spawn XP percentage of total XP
 D = Spawn monster count
 E = Non-spawn monster count
 F = Spawn count percentage of total count
 G = Total turns spent on level
                    A         B        C        D         E        F      G
               +---------+---------+-------+---------+---------+-------+---------
         Total |       0 |   21204 |   0.0 |       0 |     267 |   0.0 |  8837
               +---------+---------+-------+---------+---------+-------+---------
           D:1 |       0 |      48 |   0.0 |       0 |      24 |   0.0 |   542
           D:2 |       0 |      81 |   0.0 |       0 |      26 |   0.0 |   694
           D:3 |       0 |     168 |   0.0 |       0 |      25 |   0.0 |   932
           D:4 |       0 |     233 |   0.0 |       0 |       8 |   0.0 |   409
           D:5 |       0 |     326 |   0.0 |       0 |      21 |   0.0 |   505
           D:6 |       0 |    1035 |   0.0 |       0 |      23 |   0.0 |  1086
           D:7 |       0 |    1067 |   0.0 |       0 |      18 |   0.0 |   874
           D:8 |       0 |    1092 |   0.0 |       0 |      19 |   0.0 |   434
           D:9 |       0 |    2196 |   0.0 |       0 |      29 |   0.0 |   862
          D:10 |       0 |    4296 |   0.0 |       0 |      22 |   0.0 |  1129
          D:11 |       0 |    1036 |   0.0 |       0 |       9 |   0.0 |   168
          D:12 |       0 |     872 |   0.0 |       0 |       1 |   0.0 |    17
        Lair:1 |       0 |    3969 |   0.0 |       0 |      17 |   0.0 |   798
        Lair:2 |       0 |    4785 |   0.0 |       0 |      25 |   0.0 |   387
               +---------+---------+-------+---------+---------+-------+---------
